 Dungeon Crawl Stone Soup version 0.27-a0-1456-gf5a116941d (webtiles) character file.

Game seed: 7099496344000736842

59 Brandom the Skirmisher (level 3, 0/49 HPs)
             Began as a Draconian Abyssal Knight on July 5, 2021.
             Was a Follower of Lugonu.
             Succumbed to an adder's poison
             ... on level 2 of the Dungeon.
             The game lasted 00:03:50 (1192 turns).

Brandom the Skirmisher (Draconian Abyssal Knight)   Turns: 1192, Time: 00:03:51

Health: 0/49       AC: 21    Str: 14    XL:     3   Next: 78%
Magic:  4/4        EV:  2    Int: 13    God:    Lugonu [*.....]
Gold:   58         SH:  0    Dex: 10    Spells: 0/2 levels left

rFire    . . .     SeeInvis .   a - +1 hand axe
rCold    . . .     Faith    .   (no shield)
rNeg     + + +     Spirit   .   (armour unavailable)
rPois    +         Reflect  .   (helmet currently unavailable)
rElec    .         Harm     .   (cloak currently unavailable)
rCorr    .         Rampage  .   (gloves currently unavailable)
Will     .....     NoTele   +   (boots currently unavailable)
Stlth    +.........             (no amulet)
HPRegen  0.16/turn              (no ring)
MPRegen  0.09/turn              (no ring)

@: lethally poisoned (0 -> -2), tree-form
A: stationary, stasis, torment immunity, boosted hp, AC +5, unfitting armour,
(cold-blooded)
a: Renounce Religion, Depart the Abyss


You were on level 2 of the Dungeon.
You worshipped Lugonu.
Lugonu was aware of your devotion.
You were a tree.
You visited 1 branch of the dungeon, and saw 2 of its levels.
You visited the Abyss 1 time.

You collected 58 gold pieces.

Inventory:

Hand Weapons
 a - a +1 hand axe (weapon)
Missiles
 d - 16 poisoned darts
Potions
 e - a potion of lignification {!q}


   Skills:
 * Level 4.1 Fighting
 + Level 2.5 Axes
 + Level 2.5 Dodging
 + Level 0.5 Transmutations
 + Level 2.5 Invocations


You couldn't memorise any spells.
You knew the following spells:

 Your Spells              Type           Power      Damage    Failure   Level
a - Wereblood             Tmut           1%         N/A       36%         2

Your spell library contained the following spells:

 Spells                   Type           Power      Damage    Failure   Level
 Sublimation of Blood     Necr           0%         N/A       43%         2
 Summon Hydra             Summ           0%         N/A       100%        7


Dungeon Overview and Level Annotations

Branches:
Dungeon (2/15)

Altars:


Innate Abilities, Weirdness & Mutations

You are a tree.
Your roots penetrate the ground, keeping you stationary.
You cannot be teleported.
You are immune to unholy pain and torment.
Your maximum health is greatly increased.
Your equipment is partially melded.
((Your plain brown scales are hard. (AC +5)))
You cannot fit into any form of body armour.
((You are cold-blooded and may be slowed by cold attacks.))


Message History

You closely miss the adder. The adder closely misses you.
The adder barely misses you.
You hit the adder. The adder bites you but does no damage.
You miss the adder. The adder bites you.
You are poisoned.
The adder poisons you! The adder bites you.
You hit the adder but do no damage.
You feel sick. The adder bites you but does no damage.
The adder barely misses you.
You miss the adder.
You feel sick. The adder barely misses you.
You barely miss the adder.
You feel sick. The adder closely misses you. The adder bites you.
* * * LOW HITPOINT WARNING * * *
You are more poisoned.
The adder poisons you!
You closely miss the adder.
You feel sick. The adder closely misses you.
You barely miss the adder.
You feel sick. The adder closely misses you. The adder bites you.
* * * LOW HITPOINT WARNING * * *
You barely miss the adder.
Your tail-slap misses the adder.
You feel sick. The adder bites you.
* * * LOW HITPOINT WARNING * * *
You are lethally poisoned!
The adder poisons you!
Okay, then.
It was a potion of lignification.
You turn into a tree.
Your roots penetrate the ground.
* * * LOW HITPOINT WARNING * * *
You feel very sick. The adder bites you but does no damage.
You hit the adder.
You kill the adder!
Lugonu accepts your kill.
* * * LOW HITPOINT WARNING * * *
You feel sick.
Okay, then.
As you read the scroll labelled DOT NOYDGHENKIM, it crumbles to dust.
You feel a strange sense of stasis.
It was a scroll of teleportation.
* * * LOW HITPOINT WARNING * * *
You feel sick.
As you read the scroll labelled FEUDUA YSIUJ, it crumbles to dust.
It is a scroll of enchant armour.
You aren't carrying any armour which can be enchanted further.
* * * LOW HITPOINT WARNING * * *
You feel sick.
Okay, then.
* * * LOW HITPOINT WARNING * * *
You feel sick.
* * * LOW HITPOINT WARNING * * *
You feel sick.
You die...

#. ##.# ..#### #....##
#. ##.....#### #.##
#.........< ......#
#....†.##$.. .....#
#...♣†...... #..#.#
#..#†#.##... #..#.#
#..#....#
#..#.######..#......
###..#.........##...##.
#......######......## #
.......######.######
....)..........
#..<..##########


There were no monsters in sight!

Vanquished Creatures
  A gnoll (D:1)
  An adder (D:2)
  2 dart slugs (D:1)
  8 ball pythons (D:1)
  3 endoplasms
  2 giant cockroaches (D:2)
  A goblin (D:2)
  4 hobgoblins
  3 jackals (D:1)
  2 bats
  2 frilled lizards (D:1)
  A kobold (D:1)
  6 rats
36 creatures vanquished.

Notes
Turn   | Place    | Note
-------+----------+-------------------------------------------
     0 | Abyss:1  | Brandom the Draconian Abyssal Knight began the quest for
                  | the Orb.
     0 | Abyss:1  | Reached XP level 1. HP: 19/19 MP: 2/2
    32 | Abyss:1  | Noticed a worldbinder
    34 | Abyss:1  | Noticed a naga
    34 | Abyss:1  | Noticed a mana viper
    38 | D:1      | Escaped the Abyss
    90 | D:1      | Reached XP level 2. HP: 3/26 MP: 3/3
   421 | D:1      | Reached * piety under Lugonu
   562 | D:1      | Reached XP level 3. HP: 33/33 MP: 4/4
   568 | D:1      | Learned a level 2 spell: Wereblood
   716 | D:1      | Reached skill level 4 in Fighting
  1190 | D:2      | HP: 2/49 [poisoned by an adder]
  1192 | D:2      | Succumbed to an adder's poison

Illustrated notes

Levels and vault maps discovered:
D:1:      dpeg_arrival_shelter, layout_basic
D:2:      layout_loops_ring

Skill      XL: |  1  2  3 |
---------------+----------+-----
Fighting       | 4 |  4.1
Axes           | |  2.5
Dodging        | |  2.5
Transmutations | |  0.5
Invocations    | |  2.5

Action                   || total
-------------------------++-------
Melee: Hand axe          ||    96
       Tailslap          ||     6
Invok: Depart the Abyss  ||     1
  Use: Potion            ||     2
       Scroll            ||     2
 Stab: Sleeping          ||     1
Armor: Skin              ||    27
Dodge: Dodged            ||    74

Table legend: (Time is in decaauts)
 A = Elapsed time spent in this place.
 B = Non-inter-level travel time spent in this place.
 C = Inter-level travel time spent in this place.
 D = Time resting spent in this place.
 E = Time spent auto-exploring this place.
 F = Levels seen in this place.
 G = Mean time per level.
                   A        B        C        D        E       F      G
               +--------+--------+--------+--------+--------+-----+--------+
         Total |   1209 |   1189 |     20 |    282 |    616 |   3 |  403.0 |
       Dungeon |   1171 |   1151 |     20 |    282 |    616 |   2 |  585.5 |
         Abyss |     38 |     38 |      0 |      0 |      0 |   1 |   38.0 |
               +--------+--------+--------+--------+--------+-----+--------+

Top non-repeatable levels by time:
     D:1: 1114 daAuts
     D:2: 57 daAuts
 Abyss:1: 38 daAuts
